cohdb
Replays
Latest Replays
All Replays
Popular Replays
Top Player Replays
Match Explorer
How It Works
Community
CoH3 Stats
Reddit
Sign in to upload your games and track your stats! →
Sign in with Steam
Match 30918223
Unlisted
Match 30918223
Overview
Messages
Build Orders
End
Construct Infanterie Kompanie
Kettenkrad Recon Vehicle
Selects Mechanized Battlegroup
MG 42 Machine Gun Team
Grenadier Squad
GrW 34 Mortar Team
Medical Station
Grenadier Squad
Infanterie Officer Quarters
Construct Panzergrenadier Kompanie
Panzergrenadier Squad
Selects Raid Package
Pak 40 Anti-tank Gun Team
Construct Luftwaffe Kompanie
MG 42 Machine Gun Team
Pak 40 Anti-tank Gun Team
Selects 8 Rad Armored Car
乌龟的黑头
Judgement
Nukepapa
stunta
0
0
Comments
sign in to comment!
No comments posted yet!